 Dungeon Crawl Stone Soup version 0.17-a0-1910-g4c791fa (webtiles) character file.

2994 Kusio the Bludgeoner (level 9, -1/84 HPs)
             Began as an Ogre Berserker on Sept 26, 2015.
             Was an Elder of Trog.
             Slain by a killer bee (5 damage)
             ... on level 7 of the Dungeon.
             The game lasted 00:27:30 (7776 turns).

Kusio the Bludgeoner (Ogre Berserker)               Turns: 7776, Time: 00:27:30

Health: -1/84      AC:  3    Str: 25    XL:     9   Next: 83%
Magic:  9/9        EV: 10    Int:  6    God:    Trog [****..]
Gold:   381        SH:  0    Dex: 11    Spells: 0 memorised, 8 levels left

rFire  . . .     SeeInvis .     C - +0 giant club
rCold  . . .     Clarity  .     b - +0 animal skin
rNeg   + . .     SustAt   .     (no shield)
rPois  .         Gourm    .     (helmet restricted)
rElec  .         Spirit   .     (no cloak)
rCorr  .         Warding  .     (gloves unavailable)
rMut   .         Stasis   .     (boots unavailable)
MR     .....                    E - amulet of faith
Stlth  +.........               (no ring)
                                g - ring of positive energy

@: lethally poisoned (-1 -> -2), very slightly contaminated, hasted, very quick,
not resistant to hostile enchantments, very unstealthy
A: unfitting armour, tough skin 1
a: Burn Spellbooks, Berserk, Trog's Hand, Brothers in Arms, Renounce Religion


You were on level 7 of the Dungeon.
You worshipped Trog.
Trog was greatly pleased with you.
You were not hungry.

You visited 1 branch of the dungeon, and saw 8 of its levels.
You also visited: Sewer.

You collected 381 gold pieces.

Inventory:

Hand weapons
 a - a +2 mace of holy wrath
 C - a +0 giant club (weapon)
Missiles
 n - 6 curare-tipped needles
Armour
 b - a +0 animal skin (worn)
Jewellery
 e - an uncursed ring of sustain attributes {unknown}
 g - a ring of positive energy (left hand)
 p - an uncursed amulet of regeneration
 r - an uncursed amulet of guardian spirit {unknown}
 E - an amulet of faith (around neck)
Magical devices
 y - a wand of digging (6)
Scrolls
 d - 6 scrolls of remove curse
 j - 4 scrolls of identify
 l - a scroll of random uselessness {unknown}
 o - a scroll of recharging
 u - 2 scrolls of noise {unknown}
 v - a scroll of enchant weapon {unknown}
 w - 2 scrolls of fear {unknown}
 x - 2 scrolls of immolation {unknown}
 z - 2 scrolls of enchant armour {unknown}
Potions
 k - a potion of cancellation {unknown}
 t - a potion of haste
 A - 2 potions of might
 B - a potion of resistance {unknown}
 D - 2 potions of cure mutation {unknown}
 F - a potion of ambrosia {unknown}
 G - a potion of magic
Books
 m - a book of Dreams

   Spells                             Type                      Level
   a - Ensorcelled Hibernation        Hexes/Ice                    2
   b - Phase Shift                    Translocation                5
   c - Shadow Creatures               Summoning                    5
   d - Silence                        Hexes/Air                    5
   e - Darkness                       Hexes                        6
   f - Mass Confusion                 Hexes                        6
   Trog disapproves of the use of such an item.
Comestibles
 c - 7 bread rations
 f - 6 meat rations
 h - 2 chunks of flesh
 i - 2 fruits


   Skills:
 - Level 4.0 Fighting
 + Level 16.5 Maces & Flails
 - Level 2.6 Dodging


You had 8 spell levels left.
You didn't know any spells.

Dungeon Overview and Level Annotations

Branches:
Dungeon (8/15)             Temple (0/1) D:4
   Lair: D:8-11

Altars:
Nemelex Xobeh
Yredelemnul

Annotations:
D:8 Pikel


Innate Abilities, Weirdness & Mutations

You are too large for most types of armour.
You have tough skin (AC +1).


Message History

The killer bee poisons you!
You feel sick.
The killer bee stings you but does no damage.
Drink which item? (? for menu, Esc to quit)
You can't drink that!
Read which item? (? for menu, Esc to quit)
Blink to where?
Press: ? - help, Dir - move target cursor You are very lightly contaminated with residual magic.
As you read the scroll of blinking, it crumbles to dust.
You feel sick.
You feel sick.
You feel sick.
Drink which item? (? for menu, Esc to quit)
Okay, then.
Read which item? (? for menu, Esc to quit)
Okay, then.
Drink which item? (? for menu, Esc to quit)
You feel yourself speed up.
You feel sick. The killer bee stings you.
You die...

##.###.# #.# #.# #y# #.#
#########y###.# #.# #####
.........y.##y# #.# #...#
####.#####†##y# ##.#####...##
#.# #.##.# #.........(.. #.#
#.##.# #............ #.#
#.##.#######...##.......
#.#####....yy@.......####.†.##
#....................####...#
#########.####.##..........##
#.# #.##...#####..# #.#
#.##.#.# #..# #.# #.##.#.#
#..# #.####.##.#<# #..##
#......##.#.# #...##
#..######.#.#####.....


You could see 2 killer bees.

Vanquished Creatures
  Maurice (D:7)
  Joseph (D:7)
  Psyche (D:7)
  2 water moccasins (D:7)
  3 orc warriors (D:7)
  The ghost of Musteatbrain the Skirmisher, an average DsFi (D:3)
  A slave (D:7)
  2 ogres
  4 giant frogs
  3 killer bees (D:7)
  A wight (D:4)
  2 crimson imps
  A giant frog zombie (D:6)
  A wasp zombie (D:7)
  2 jellies
  A giant frog skeleton (D:6)
  2 iguanas (D:4)
  2 hounds (D:7)
  An orc wizard (D:4)
  2 centaur skeletons
  Terence (D:3)
  An orc priest (D:7)
  4 worker ants
  A hound zombie (D:7)
  2 hound skeletons
  3 gnolls (D:2)
  9 adders
  A shadow imp (D:6)
  2 oozes
  3 worms
  3 adder skeletons
  An adder zombie (D:6)
  3 giant geckos
  17 orcs
  7 ball pythons
  5 bats
  11 giant cockroaches
  2 gnoll zombies (D:4)
  9 goblins
  10 hobgoblins
  3 jackals (D:1)
  2 giant gecko skeletons
  10 giant newts
  5 kobolds
  2 quokkas
  A quokka skeleton (D:3)
  A quokka zombie (D:7)
  10 rats
163 creatures vanquished.

Notes
Turn   | Place    | Note
--------------------------------------------------------------
     0 | D:1      | Kusio the Ogre Berserker began the quest for the Orb.
     0 | D:1      | Reached XP level 1. HP: 24/24 MP: 1/1
    88 | D:1      | Reached XP level 2. HP: 16/32 MP: 2/2
   192 | D:1      | Reached skill level 5 in Maces & Flails
   473 | D:1      | Acquired Trog's second power
   473 | D:1      | Reached XP level 3. HP: 37/39 MP: 3/3
   652 | D:2      | Reached skill level 6 in Maces & Flails
   767 | D:2      | Reached XP level 4. HP: 40/48 MP: 4/4
   959 | D:2      | Found a sparkling altar of Nemelex Xobeh.
   976 | D:2      | HP: 1/48 [gnoll/spear (5)]
  1175 | D:2      | Reached skill level 7 in Maces & Flails
  1449 | D:3      | Found a glowing drain.
  1503 | Sewer    | Entered a sewer
  1520 | Sewer    | Reached XP level 5. HP: 37/54 MP: 5/5
  1707 | Sewer    | Noticed a giant frog
  1715 | Sewer    | Killed a giant frog
  1715 | Sewer    | Reached skill level 8 in Maces & Flails
  2171 | D:3      | Reached XP level 6. HP: 45/62 MP: 6/6
  2216 | D:3      | Noticed Terence
  2240 | D:3      | Killed Terence
  2303 | D:3      | Noticed Musteatbrain's ghost (average DsFi)
  2316 | D:3      | Killed Musteatbrain's ghost
  2316 | D:3      | Reached skill level 9 in Maces & Flails
  2920 | D:5      | Entered Level 5 of the Dungeon
  3118 | D:5      | Reached skill level 10 in Maces & Flails
  3118 | D:5      | Reached XP level 7. HP: 70/70 MP: 7/7
  3683 | D:4      | Reached skill level 11 in Maces & Flails
  3890 | D:4      | Found a basalt altar of Yredelemnul.
  4011 | D:4      | Found a staircase to the Ecumenical Temple.
  4639 | D:6      | Acquired Trog's third power
  4639 | D:6      | Reached XP level 8. HP: 78/78 MP: 8/8
  4815 | D:6      | Reached skill level 12 in Maces & Flails
  5888 | D:7      | Reached skill level 13 in Maces & Flails
  6003 | D:8      | Noticed Psyche
  6003 | D:8      | Noticed Maurice
  6680 | D:7      | Noticed Joseph
  6696 | D:7      | Killed Joseph
  6696 | D:7      | Reached skill level 14 in Maces & Flails
  6696 | D:7      | Reached XP level 9. HP: 84/84 MP: 9/9
  6824 | D:7      | Reached skill level 15 in Maces & Flails
  7011 | D:7      | Killed Maurice
  7684 | D:8      | Noticed Pikel
  7692 | D:7      | Killed Psyche
  7692 | D:7      | Reached skill level 16 in Maces & Flails
  7776 | D:7      | HP: 4/84 [poisoned by a killer bee]
  7776 | D:7      | Slain by a killer bee

Vault maps used:
D:1:      minmay_arrival_checkered_box
D:2:      lemuel_round_altar, first_bread
D:3:      portal_sewer_entry_b, uniq_terence
D:4:      lemuel_zombie_altar_yredelemnul, minmay_temple_entry_fiery,
          nicolae_zen_rock_garden
D:6:      st_stairs_6, roderic_hopi_sauvastika, minmay_misc_feat_cross
D:7:      uniq_joseph
D:8:      uniq_psyche, uniq_pikel, uniq_maurice
Sewer:    sewer_frog_island_01

Action                   |  1- 3 |  4- 6 |  7- 9 || total
-------------------------+-------+-------+-------++-------
Melee: Mace              |   101 |   238 |   186 ||   525
       Giant club        |       |       |   108 ||   108
Throw: Throwing net      |       |     1 |     1 ||     2
Invok: Berserk           |       |     5 |     6 ||    11
  Use: Potion            |     1 |     1 |     7 ||     9
       Scroll            |     1 |     4 |     9 ||    14
 Stab: Sleeping          |     1 |       |       ||     1
  Eat: Chunk             |       |    14 |    19 ||    33
       Beef jerky        |       |       |     1 ||     1
       Pizza             |       |       |     1 ||     1
